 Dungeon Crawl Stone Soup version 0.27-a0-54-g64bdb92e38 (webtiles) character file.

Game seed: 17874283891414474919

135 kae the Ruffian (level 4, -1/35 HPs)
             Began as a Demonspawn Gladiator on Jan 7, 2021.
             Slain by a jackal (2 damage)
             ... on level 2 of the Dungeon.
             The game lasted 00:00:50 (1924 turns).

kae the Ruffian (Demonspawn Gladiator)              Turns: 1924, Time: 00:00:51

Health: -1/35      AC:  6    Str: 15    XL:     4   Next: 96%
Magic:  4/4        EV: 12    Int: 10    God:
Gold:   86         SH:  0    Dex: 14    Spells: 3/3 levels left

rFire    . . .     SeeInvis .     - Unarmed
rCold    . . .     Faith    .   (no shield)
rNeg     . . .     Spirit   .   a - +0 leather armour
rPois    .         Reflect  .   b - +0 helmet
rElec    .         Harm     .   (no cloak)
rCorr    .         Rampage  .   (no gloves)
Will     .....                  (no boots)
Stlth    +.........             (no amulet)
HPRegen  0.11/turn              (no ring)
MPRegen  0.09/turn              (no ring)

@: lethally poisoned (-1 -> -11)
A: molten scales 1
a: no special abilities


You were on level 2 of the Dungeon.
You visited 1 branch of the dungeon, and saw 2 of its levels.

You collected 86 gold pieces.

Inventory:

Missiles
 c - 3 throwing nets (quivered)
Armour
 a - a +0 leather armour (worn)
 b - a +0 helmet (worn)
Jewellery
 g - an uncursed ring of fire {unknown}
Scrolls
 e - 2 scrolls of fog {unknown}
 f - 2 scrolls of enchant armour {unknown}
 h - a scroll of random uselessness {unknown}
 i - 2 scrolls of identify {unknown}
 j - a scroll of amnesia {unknown}
 l - a scroll of magic mapping {unknown}
Potions
 k - a potion of curing


   Skills:
 + Level 3.3 Fighting
 - Level 1.7 Throwing
 - Level 2.6 Dodging
 * Level 4.5 Unarmed Combat


You had 3 spell levels left.
You didn't know any spells.
Your spell library was empty.

Dungeon Overview and Level Annotations

Branches:
Dungeon (2/15)

Altars:
Ashenzari

Annotations:
D:2 2 transporters


Innate Abilities, Weirdness & Mutations

You are partially covered in molten scales. (AC +2)


Message History

* * * LOW HITPOINT WARNING * * *
You feel sick. The jackal barely misses you. x2
You closely miss the jackal.
The jackal is heavily wounded.
* * * LOW HITPOINT WARNING * * *
You feel sick. The jackal misses you.
You hit the jackal.
The jackal is severely wounded.
* * * LOW HITPOINT WARNING * * *
You feel sick. The jackal closely misses you.
You hit the jackal.
The jackal is almost dead.
* * * LOW HITPOINT WARNING * * *
You feel sick. The jackal bites you.
* * * LOW HITPOINT WARNING * * *
You closely miss the jackal.
The jackal is almost dead.
* * * LOW HITPOINT WARNING * * *
You feel sick. The jackal closely misses you. The jackal bites you.
You die...

.....# #....†..........##.##....
.....# #.......##########.##.†).
.....# ##.###### #8.8#...(
##...# #.# ##.##.... ##..# #.#
##.##.... #..# #.# #8.8#....
#..# #.# ##########.######
###'#####'######8##8##8##.##8##8
............rhh@................
.........†...B##8##8##8##.##8##8
..............###########†######
....)..........# 8.8
........#'###### ##.##
........#.# #.# .....8....# #.#
##....(.B.# 8.8 ##.......# #.#


You could see a worker ant, 2 jackals and a rat.

Vanquished Creatures
  A water moccasin zombie (D:2)
  3 adders (D:2)
  An adder zombie (D:2)
  2 dart slugs (D:1)
  2 leopard geckos (D:2)
  A ball python (D:1)
  5 bats
  A giant cockroach (D:1)
  6 hobgoblins
  3 jackals
  2 kobolds (D:2)
  A ball python zombie (D:2)
  5 frilled lizards
  A giant cockroach zombie (D:2)
  6 goblins
  3 rats
43 creatures vanquished.

Notes
Turn   | Place    | Note
-------+----------+-------------------------------------------
     0 | D:1      | kae the Demonspawn Gladiator began the quest for the Orb.
     0 | D:1      | Reached XP level 1. HP: 16/16 MP: 1/1
   170 | D:1      | Reached skill level 3 in Unarmed Combat
   215 | D:1      | Gained mutation: You are partially covered in molten
                  | scales. (AC +2) [demonic ancestry]
   215 | D:1      | Reached XP level 2. HP: 11/22 MP: 2/2
  1097 | D:2      | Reached XP level 3. HP: 28/28 MP: 3/3
  1120 | D:2      | Reached skill level 4 in Unarmed Combat
  1120 | D:2      | Reached XP level 4. HP: 12/35 MP: 4/4
  1346 | D:2      | Found a transporter.
  1346 | D:2      | Noticed a necrophage
  1350 | D:2      | Found a transporter.
  1350 | D:2      | Found a broken altar of Ashenzari.
  1357 | D:2      | Noticed a bullfrog
  1924 | D:2      | HP: 1/35 [poisoned by an adder]
  1924 | D:2      | Slain by a jackal

Illustrated notes

Levels and vault maps discovered:
D:1:      minmay_arrival_cross, layout_basic
D:2:      layout_basic, gammafunk_temple_overflow_arena, serial_undead,
          serial_undead_b, serial_undead_c, serial_undead_e, serial_undead_d,
          dk_noncrumbling_2

Skill      XL: |  1  2  3 |
---------------+----------+-----
Unarmed Combat | 3 4 |  4.5
Fighting       | 3 |  3.3
Throwing       | |  1.7
Dodging        | |  2.6

Action                   |  1- 3 |  4- 6 || total
-------------------------+-------+-------++-------
Melee: Unarmed           |   100 |    88 ||   188
       Punch             |       |     1 ||     1
  Use: Potion            |       |     2 ||     2
 Stab: Sleeping          |       |     1 ||     1
Armor: Leather armour    |    40 |    33 ||    73
Dodge: Dodged            |    55 |    81 ||   136

Table legend: (Time is in decaauts)
 A = Elapsed time spent in this place.
 B = Non-inter-level travel time spent in this place.
 C = Inter-level travel time spent in this place.
 D = Time resting spent in this place.
 E = Time spent auto-exploring this place.
 F = Levels seen in this place.
 G = Mean time per level.
                   A        B        C        D        E       F      G
               +--------+--------+--------+--------+--------+-----+--------+
         Total |   1910 |   1903 |      7 |    362 |   1256 |   2 |  955.0 |
       Dungeon |   1910 |   1903 |      7 |    362 |   1256 |   2 |  955.0 |
               +--------+--------+--------+--------+--------+-----+--------+

Top non-repeatable levels by time:
     D:1: 1045 daAuts
     D:2: 864 daAuts
